cohdb
Replays
Latest Replays
All Replays
Popular Replays
Top Player Replays
Match Explorer
How It Works
Community
CoH3 Stats
Reddit
Sign in to upload your games and track your stats! →
Sign in with Steam
Match 42172238
Unlisted
Match 42172238
Overview
Messages
Build Orders
End
Panzerpioneer Squad
Selects Panzerjäger Kommand Battlegroup
Selects Mine Fields
Panzergrenadier Squad
Panzergrenadier Squad
Construct Light Support Kompanie
MG34 Team
Fire Support Elements
Flakvierling Half-track
2.5-tonne Medical Truck
Selects Defensive Positions
Panzerjäger Mechanized Group
Construct Panzerarmee Kommand
Selects Butterfly Bomb Drop
Panzer III L Medium Tank
Walking Stuka Rocket Launcher
Butterfly Bomb Drop
Panzer III L Medium Tank
Selects Tank Busters
Selects Crew Shock Tactics
Panzer III L Medium Tank
Assault Mechanized Group
Panzergrenadier Squad
Rapid Advance
Selects Elefant Tank Destroyer
Panzer III L Medium Tank
Butterfly Bomb Drop
Butterfly Bomb Drop
Elefant Tank Destroyer
Panzer III L Medium Tank
Butterfly Bomb Drop
Walking Stuka Rocket Launcher
MG34 Team
BIOHAZARD
=BIA=Daghito
Andreuz
Giovanni
Williams
Ni
A fiendish vampire
自殺大雞巴
0
0
Comments
sign in to comment!
No comments posted yet!